 Dungeon Sprint DCSS version 0.29-a0-284-gf9362112df (webtiles) character file.

Game seed: 15783277823665364496

50 mhtbhm the Chopper (level 4, -3/58 HPs)
             Began as a Human Berserker on Mar 19, 2022.
             Was a Believer of Trog.
             Drowned by a water elemental (6 damage)
             ... in the Dungeon (Sprint III: "The Ten Rune Challenge").
             The game lasted 00:00:28 (449 turns).

mhtbhm the Chopper (Human Berserker)                 Turns: 449, Time: 00:00:29

Health: -3/58      AC:  2    Str: 25    XL:     4   Next: 4%
Magic:  4/4        EV: 12    Int:  8    God:    Trog [**....]
Gold:   30         SH:  0    Dex: 12    Spells: 3/3 levels left

rFire   . . .      SeeInvis .   a - +0 hand axe
rCold   . . .      Faith    .   (no shield)
rNeg    . . .      Spirit   .   b - +0 robe
rPois   .          Reflect  .   (no helmet)
rElec   .          Harm     .   (no cloak)
rCorr   .          Rampage  .   (no gloves)
Will    .....      NoTele   +   (no boots)
Stlth   ..........              (no amulet)
HPRegen 0.19/turn               i - +6 ring of strength
MPRegen 0.09/turn               (no ring)

@: berserking (expiring), engulfed (cannot breathe), very quick
A: no striking features
a: Renounce Religion, Berserk, Trog's Hand


You were in the Dungeon.
You worshipped Trog.
Trog was pleased with you.
You visited 1 branch You collected 30 gold pieces.

Inventory:

Hand Weapons
 a - a +0 hand axe (weapon)
Armour
 b - a +0 robe (worn)
Jewellery
 i - a +6 ring of strength (left hand)
Scrolls
 h - a scroll of blinking
 j - a scroll of holy word {unknown}
 k - 3 scrolls of identify
 m - a scroll of immolation {unknown}
Potions
 c - a potion of curing
 d - a potion of heal wounds
 e - a potion of haste
 f - 2 potions of magic
 g - a potion of berserk rage
 l - 4 potions of flight
 n - 6 potions of mutation


   Skills:
 + Level 5.2 Fighting
 + Level 5.4 Axes
 + Level 2.9 Armour
 + Level 2.9 Dodging


You had 3 spell levels left.
You didn't know any spells.
Your spell library was empty.

Dungeon Overview and Level Annotations

Branches:
Dungeon (1/1)

Altars:


Message History

You enter the shallow water.
Moving in this stuff is going to be slow.
You start resting.
HP restored.
You open the door.
A water elemental comes into view.
A red film seems to cover your vision as you go berserk!
You feel yourself moving faster!
You feel mighty!
You feel a strong urge to attack something.
The water elemental hits you!!
The water elemental engulfs you in water!
There is an open door to the Ecumenical Temple, spattered with blood here.
You closely miss the water elemental.
Your lungs strain for air!
You barely miss the water elemental. You punch the water elemental.
The water elemental is lightly damaged.
Your lungs strain for air!
The water elemental hits you!
You closely miss the water elemental.
The water elemental is lightly damaged.
* * * LOW HITPOINT WARNING * * *
Your lungs strain for air!
The water elemental misses you.
You barely miss the water elemental.
The water elemental is lightly damaged.
* * * LOW HITPOINT WARNING * * *
Your lungs strain for air!
You hit the water elemental.
The water elemental is moderately damaged.
* * * LOW HITPOINT WARNING * * *
Your lungs strain for air!
The water elemental completely misses you.
You hit the water elemental.
The water elemental is heavily damaged.
* * * LOW HITPOINT WARNING * * *
Your lungs strain for air!
The water elemental closely misses you.
You slash the water elemental!
The water elemental is almost destroyed.
You die...

▓▓▓▓▓▓▓▓▓▓▓ ▓▓▓
.#..'...♣.♣♣ ♣.#
.#..#....♣.♣ ♣.#
'####....♣.♣ ♣♣.#
....#....≈.♣♣♣..###+#+##
....#...≈≈....♣.#.......
....#..≈≈≈≈.....@E⌠.....
###'#..≈≈≈≈≈≈♣♣.#...####
..).#.≈≈≈≈≈≈....#.⌠.#
....#.≈≈≈≈≈.....#...#
....#.≈≈≈.......#+###
#####...........#
.........†......#
▓▓▓▓▓▓▓▓▓▓▓▓▓▓▓▓▓


You could see a water elemental.

Vanquished Creatures
  Jessica (D)
  A human (D)
  A phantom (D)
  2 rats (D)
5 creatures vanquished.

Notes
Turn   | Place    | Note
-------+----------+-------------------------------------------
     0 | D        | mhtbhm the Human Berserker began the quest for the Orb.
     0 | D        | Reached XP level 1. HP: 18/18 MP: 1/1
    54 | D        | Noticed Jessica
    60 | D        | Killed Jessica
    60 | D        | Reached ** piety under Trog
    61 | D        | Reached XP level 2. HP: 4/26 MP: 2/2
    61 | D        | Reached XP level 3. HP: 5/31 MP: 3/3
   350 | D        | Reached skill level 5 in Fighting
   350 | D        | Reached skill level 5 in Axes
   398 | D        | Reached XP level 4. HP: 33/39 MP: 4/4
   440 | D        | Noticed a water elemental
   449 | D        | Drowned by a water elemental

Illustrated notes

Levels and vault maps discovered:
D:        dungeon_sprint_mu [sprint_mu_entry_forest, sprint_mu_temple_rooms,
          sprint_mu_d1_horrors, sprint_mu_d2_genie, sprint_mu_d3_branching,
          sprint_mu_orc_legion, sprint_mu_elf_gauntlet, sprint_mu_hive_nellie,
          sprint_mu_lair_fedhas, sprint_mu_vaults_butterflies,
          sprint_mu_slime_circle, sprint_mu_shoals_archi,
          sprint_mu_snake_twists, sprint_mu_blade_basic,
          sprint_mu_crypt_chambers, sprint_mu_tomb_spiral,
          sprint_mu_vestibule_basic, sprint_mu_gehenna_hellfire,
          sprint_mu_dis_giant, sprint_mu_tartarus_statrot,
          sprint_mu_cocytus_islands, sprint_mu_zot1]

Skill      XL: |  1  2  3 |
---------------+----------+-----
Fighting       | 4 5 |  5.2
Axes           | 4 5 |  5.4
Armour         | |  2.9
Dodging        | |  2.9

Action                   |  1- 3 |  4- 6 || total
-------------------------+-------+-------++-------
Melee: Hand axe          |    21 |     7 ||    28
       Punch             |       |     1 ||     1
Invok: Berserk           |     2 |     1 ||     3
Dodge: Dodged            |     9 |     3 ||    12

Table legend: (Time is in decaauts)
 A = Elapsed time spent in this place.
 B = Non-inter-level travel time spent in this place.
 C = Inter-level travel time spent in this place.
 D = Time resting spent in this place.
 E = Time spent auto-exploring this place.
 F = Levels seen in this place.
 G = Mean time per level.
                   A        B        C        D        E       F      G
               +--------+--------+--------+--------+--------+-----+--------+
         Total |    467 |    467 |      0 |     84 |    258 |   1 |  467.0 |
       Dungeon |    467 |    467 |      0 |     84 |    258 |   1 |  467.0 |
               +--------+--------+--------+--------+--------+-----+--------+

Top non-repeatable levels by time:
       D: 467 daAuts
